 Dungeon Crawl Stone Soup version 0.27-b1-42-g19c61b19a5 (webtiles) character file.

Game seed: 3384373586863071453

5489 Sin92 the Cleaver (level 10, -19/77 HPs)
             Began as a Demonspawn Fighter on July 29, 2021.
             Was a High Priest of Okawaru.
             Demolished by an orc warrior (28 damage)
             ... in a bailey.
             The game lasted 00:11:38 (8795 turns).

Sin92 the Cleaver (Demonspawn Fighter)              Turns: 8795, Time: 00:11:39

Health: -19/77     AC: 19    Str: 19    XL:     10   Next: 42%
Magic:  12/14      EV: 10    Int: 10    God:    Okawaru [*****.]
Gold:   468        SH: 18    Dex: 18    Spells: 9/9 levels left

rFire    . . .     SeeInvis .   v - +7 broad axe of Ovo Ese {freeze, Dex+5}
rCold    . . .     Faith    .   c - +0 kite shield
rNeg     + . .     Spirit   .   h - +1 plate armour
rPois    .         Reflect  +   (helmet restricted)
rElec    .         Harm     .   (no cloak)
rCorr    .         Rampage  .   (no gloves)
Will     +....                  (no boots)
Stlth    ..........             r - amulet of reflection
HPRegen  0.22/turn              g - ring of positive energy
MPRegen  0.14/turn              A - ring of willpower

@: heroic
A: antennae 1, yellow scales 2, ignite blood 2
a: Renounce Religion, Heroism, Finesse


You were in a bailey.
You worshipped Okawaru.
Okawaru was extremely pleased with you.
You visited 1 branch of the dungeon, and saw 9 of its levels.
You also visited: Bailey.

You collected 711 gold pieces.
You spent 243 gold pieces at shops.

Inventory:

Hand Weapons
 a - a +1 war axe of flaming
 v - the +7 broad axe of Ovo Ese (weapon) {freeze, Dex+5}
   (You bought it in a shop on level 1 of the Dungeon)

   It freezes those it strikes, dealing additional cold damage.
   It can also slow down cold-blooded creatures.
   Dex:       It affects your dexterity (+5).
Missiles
 B - 3 throwing nets (quivered)
Armour
 b - a +0 scale mail
 c - a +0 kite shield (worn)
 h - a +1 plate armour (worn)
Jewellery
 e - an amulet of regeneration
 g - a ring of positive energy (left hand)
 r - an amulet of reflection (around neck)
 A - a ring of willpower (right hand)
Wands
 n - a wand of digging (4)
 u - a wand of iceblast (2)
 y - a wand of polymorph (9)
Scrolls
 o - 2 scrolls of magic mapping
 s - a scroll of identify
 z - 2 scrolls of blinking
 C - a scroll of amnesia
Potions
 d - a potion of might
 f - 3 potions of flight
 i - 5 potions of curing
 j - 4 potions of berserk rage
 k - a potion of attraction {unknown}
 l - 2 potions of cancellation
 m - 2 potions of haste
 p - 4 potions of brilliance {unknown}
 q - a potion of lignification {unknown}
 t - a potion of heal wounds {unknown}
 x - a potion of magic {unknown}
 D - a potion of resistance {unknown}


   Skills:
 + Level 6.7(11.7) Fighting
 * Level 8.0(13.0) Axes
 + Level 6.1(11.1) Armour
 + Level 5.3(10.3) Dodging
 + Level 6.1(11.1) Shields
 + Level 6.6 Invocations


You had 9 spell levels left.
You didn't know any spells.
Your spell library contained the following spells:

 Spells                   Type           Power      Damage    Failure   Level
 Animate Skeleton         Necr           0%         N/A       100%        1
 Pain                     Necr           0%         1d4       100%        1
 Inner Flame              Hex/Fire       0%         N/A       100%        3
 Portal Projectile        Hex/Tloc       0%         N/A       100%        3
 Vampiric Draining        Necr           0%         2d6       100%        3
 Airstrike                Air            0%         N/A       100%        4
 Cause Fear               Hex            0%         N/A       100%        4
 Summon Lightning Spire   Summ/Air       0%         N/A       100%        4
 Blade Hands              Tmut           0%         N/A       100%        5
 Excruciating Wounds      Necr           0%         N/A       100%        5
 Lightning Bolt           Conj/Air       0%         1d11      100%        5
 Discord                  Hex            0%         N/A       100%        8


Dungeon Overview and Level Annotations

Branches:
Dungeon (9/15)             Temple (0/1) D:6          Bailey (1/1)
   Lair: D:8-11         Orc: D:9-12

Altars:
Dithmenos
Fedhas
Gozag
Hepliaklqana
Nemelex Xobeh
Okawaru
Qazlal
Trog
Yredelemnul

Shops:
D:1 (   D:8 *   D:9 ?

Annotations:
D:6 3 runed translucent doors, Nausicaa's ghost, weakling TrDe
D:9 2 runed translucent doors


Innate Abilities, Weirdness & Mutations

You have a pair of small antennae on your head.
You are mostly covered in yellow scales. (AC +3)
Your demonic aura often causes spilled blood to erupt in flames.


Message History

The orc knight hits you from afar with a +0 trident!
You open the door.
An orc warrior comes into view. It is wielding a +0 glaive.
You block the orc knight's attack.
Found 7 boomerangs of dispersal and a runed spear. 2 orc warriors come into view.
The orc warrior shoots a bolt.
You reflect the bolt off an invisible shield around you!
The bolt barely misses the orc warrior.
There is an open door here.
You block the orc warrior's attack.
The orc knight roars a battlecry!
The orcs go into a battle-frenzy!
The orc warrior shoots a bolt.
You reflect the bolt off an invisible shield around you!
The bolt barely misses the orc warrior.
You hit the orc warrior. You freeze the orc warrior.
The orc warrior is lightly wounded.
You block the orc warrior's attack. x2; The orc warrior shoots a bolt.
The bolt hits you!
The orc warrior hits you with a +0 glaive!
The orc warrior shoots a bolt.
You reflect the bolt off an invisible shield around you!
The bolt hits the orc warrior.
The orc warrior hits you but does no damage.
The orc warrior shoots a bolt.
You reflect the bolt off an invisible shield around you!
The bolt hits the orc warrior!
You block the orc warrior's attack.
The orc warrior is engulfed in blazing flames.
The orc warrior unwields a +0 arbalest.
You block the orc warrior's attack.
You slice the orc warrior!! You freeze the orc warrior.
You kill the orc warrior!
Okawaru accepts your kill. You block the orc warrior's attack.
The orc warrior hits you from afar with a +0 glaive!!
* * * LOW HITPOINT WARNING * * *
You gain the combat prowess of a mighty hero.
You block the orc warrior's attack.
The orc warrior hits you from afar with a +0 glaive!!
You die...

## ###
##.###########∩####
#...##.....##.∩.##.
#)..#..≈≈≈..#...#.)
#(..#.≈≈o≈≈....)..≈
#..°'.≈ooo≈.......≈
#.oo#.≈≈.≈≈.......≈
#.☼.#..≈≈≈..#...#..
#.@.##.....##...##.
##°###########∩####
### ###


You could see 2 orc warriors.

Vanquished Creatures
  Harold (D:7)
  A two-headed ogre (D:9)
  A cyclops (D:9)
  A troll (D:9)
  Sigmund (D:5)
  2 steam dragons
  A water moccasin (D:6)
  6 orc warriors (Bailey)
  A sky beast (D:7)
  2 ice beasts
  2 black bears (D:7)
  A hornet zombie (D:8)
  3 ogres
  A necrophage (D:6)
  4 centaurs
  A kobold brigand (D:9)
  2 bullfrogs (D:8)
  A scorpion (D:4)
  A water moccasin skeleton (D:4)
  6 killer bees (D:9)
  A lava snake (D:8)
  A centaur zombie (D:4)
  A bullfrog zombie (D:6)
  An orc priest (D:7)
  A gnoll shaman (D:7)
  3 hounds
  A centaur skeleton (D:4)
  A bullfrog skeleton (D:5)
  A jelly (D:4)
  2 iguanas
  Jessica (D:2)
  Ijyb (D:5)
  Natasha (thrice) (D:2)
  2 orc wizards (D:7)
  A hound skeleton (D:5)
  8 gnolls
  3 adders
  4 worms
  4 dart slugs
  6 orcs
  5 endoplasms
  7 giant cockroaches
  7 goblins
  10 hobgoblins
  11 jackals
  11 kobolds
  4 quokkas
  9 ball pythons
  6 bats
  A frilled lizard (D:1)
  13 rats
169 creatures vanquished.

Notes
Turn   | Place    | Note
-------+----------+-------------------------------------------
     0 | D:1      | Sin92 the Demonspawn Fighter began the quest for the Orb.
     0 | D:1      | Reached XP level 1. HP: 18/18 MP: 1/1
   163 | D:1      | Reached skill level 2 in Axes
   262 | D:1      | Gained mutation: Your demonic aura sometimes causes spilled
                  | blood to erupt in flames. [demonic ancestry]
   262 | D:1      | Reached XP level 2. HP: 16/24 MP: 2/2
   376 | D:1      | Found Douhiopp's Antique Weapon Shoppe.
   695 | D:1      | Reached XP level 3. HP: 29/29 MP: 3/3
  1281 | D:2      | Reached skill level 1 in Dodging
  1330 | D:2      | Gained mutation: You are partially covered in yellow
                  | scales. (AC +2) [demonic ancestry]
  1330 | D:2      | Reached XP level 4. HP: 35/35 MP: 4/4
  1336 | D:2      | Noticed Natasha
  1341 | D:2      | Killed Natasha
  1564 | D:2      | Noticed Jessica
  1573 | D:2      | Noticed Natasha
  1584 | D:2      | Killed Jessica
  1585 | D:2      | Reached skill level 3 in Axes
  1602 | D:2      | Killed Natasha
  1603 | D:2      | Gained mutation: You are mostly covered in yellow scales.
                  | (AC +3) [demonic ancestry]
  1603 | D:2      | Reached XP level 5. HP: 35/41 MP: 5/5
  1739 | D:2      | Noticed Natasha
  1748 | D:2      | Killed Natasha
  2393 | D:3      | Found a stormy altar of Qazlal.
  2410 | D:3      | Found a blossoming altar of Fedhas.
  2696 | D:4      | Reached XP level 6. HP: 29/48 MP: 6/6
  2799 | D:4      | Found a shadowy altar of Dithmenos.
  2883 | D:4      | Reached skill level 4 in Axes
  2978 | D:4      | Found an iron altar of Okawaru.
  2997 | D:4      | Became a worshipper of Warmaster Okawaru
  3045 | D:4      | Gained mutation: You have a pair of small antennae on your
                  | head. [demonic ancestry]
  3045 | D:4      | Reached XP level 7. HP: 54/54 MP: 7/7
  3115 | D:4      | Found an opulent altar of Gozag.
  3364 | D:5      | Entered Level 5 of the Dungeon
  3389 | D:5      | Noticed Ijyb
  3412 | D:5      | Killed Ijyb
  3674 | D:5      | Reached skill level 1 in Invocations
  4138 | D:1      | Bought a pitted broad axe for 243 gold pieces
  4138 | D:1      | Identified the +7 broad axe of Ovo Ese {freeze, Dex+5} (You
                  | bought it in a shop on level 1 of the Dungeon)
  4232 | D:5      | Noticed Sigmund
  4240 | D:5      | Killed Sigmund
  4482 | D:5      | Reached skill level 5 in Axes
  4498 | D:6      | Reached * piety under Okawaru
  4499 | D:6      | Gained mutation: Your demonic aura often causes spilled
                  | blood to erupt in flames. [demonic ancestry]
  4499 | D:6      | Reached XP level 8. HP: 57/61 MP: 9/9
  4690 | D:6      | Reached skill level 5 in Fighting
  4905 | D:6      | Found a runed translucent gate.
  4909 | D:6      | Found a runed translucent gate.
  4910 | D:6      | Found a runed translucent gate.
  4918 | D:6      | Found a staircase to the Ecumenical Temple.
  5121 | D:6      | Noticed Nausicaa's ghost (weakling TrDe)
  5278 | D:7      | Reached ** piety under Okawaru
  5356 | D:7      | Reached skill level 6 in Axes
  5424 | D:7      | Reached skill level 5 in Armour
  5432 | D:7      | Reached XP level 9. HP: 27/68 MP: 12/12
  5655 | D:7      | Found a hazy altar of Hepliaklqana.
  6051 | D:7      | Reached skill level 5 in Shields
  6069 | D:7      | Noticed Harold
  6077 | D:7      | Killed Harold
  6077 | D:7      | Reached *** piety under Okawaru
  6078 | D:7      | Reached skill level 5 in Invocations
  6301 | D:8      | Reached skill level 7 in Axes
  6544 | D:8      | Found a basalt altar of Yredelemnul.
  6560 | D:8      | Found Afoasan's General Store.
  6658 | D:8      | Found a sparkling altar of Nemelex Xobeh.
  6943 | D:8      | Found a bloodstained altar of Trog.
  7386 | D:9      | Noticed a troll
  7388 | D:9      | Killed a troll
  7525 | D:9      | Noticed a cyclops
  7532 | D:9      | Killed a cyclops
  7532 | D:9      | Reached **** piety under Okawaru
  7533 | D:9      | Reached skill level 5 in Dodging
  7533 | D:9      | Reached XP level 10. HP: 19/77 MP: 14/14
  7680 | D:9      | Found Zimmick's Magic Scroll Emporium.
  7737 | D:9      | Found a large runed translucent door.
  7737 | D:9      | Found a large runed translucent door.
  7954 | D:9      | Noticed a two-headed ogre
  7959 | D:9      | Killed a two-headed ogre
  7959 | D:9      | Reached ***** piety under Okawaru
  8075 | D:9      | Found a flagged portal.
  8086 | Bailey   | Entered a bailey
  8088 | Bailey   | Noticed an orc knight
  8088 | Bailey   | Noticed an orc knight
  8115 | Bailey   | HP: 1/77 [orc warrior (8)]
  8120 | Bailey   | Reached skill level 8 in Axes
  8795 | Bailey   | Demolished by an orc warrior

Illustrated notes

Levels and vault maps discovered:
D:1:      dpeg_arrival_morbid_curiosity, layout_loops_ring, serial_shops, shop,
          grunt_decor_arrowhead, chequers_serial_rivers_room_b,
          grunt_decor_clamped
D:2:      layout_basic, uniq_natasha, uniq_jessica
D:3:      layout_rooms, grunt_temple_overflow_forces_of_nature, minmay_cut_off
D:4:      layout_basic, nicolae_dithmenos_shadow_blocks,
          nicolae_gozag_seed_capital, okawaru_altar_gauntlet_db,
          hangedman_decor_push, hangedman_minor_gate_pass
D:5:      layout_rooms, uniq_ijyb, uniq_sigmund
D:6:      layout_rooms, minmay_temple_entry_junction_2,
          ebering_ghost_rock_garden
D:7:      layout_basic, lemuel_doored_altar, serial_bayou_crossing, uniq_harold
D:8:      layout_loops_corners, yredelemnul_altar_generic,
          mainiacjoe_overflow_catch_the_wave, serial_shops, nicolae_square_shop
D:9:      layout_irregular_city, serial_shops,
          nicolae_shop_competitors_out_of_business, enter_bailey_6,
          minmay_hollow_rounded_squares
Bailey:   bailey_polearm_4, bailey

Skill      XL: |  1  2  3  4  5  6  7  8  9 10 |
---------------+-------------------------------+-----
Axes           | 2 3 4 5 6 7 8 |  8.0
Armour         | 3 4 5 6 |  6.1
Shields        | 3 4 5 6 |  6.1
Dodging        | 1 2 3 5 |  5.3
Fighting       | 4 5 6 |  6.7
Invocations    | 2 4 6 |  6.6

Action                   |  1- 3 |  4- 6 |  7- 9 | 10-12 || total
-------------------------+-------+-------+-------+-------++-------
Melee: War axe           |   160 |   151 |    72 |       ||   383
       Broad axe         |       |       |    96 |    18 ||   114
Invok: Heroism           |       |       |       |     1 ||     1
  Use: Scroll            |     1 |     4 |    11 |     1 ||    17
       Potion            |       |       |       |     2 ||     2
Armor: Scale mail        |    38 |       |       |       ||    38
       Plate armour      |    97 |   102 |   113 |    12 ||   324
Dodge: Dodged            |    37 |    20 |    41 |    10 ||   108
Block: Kite shield       |   101 |    99 |   156 |    68 ||   424
       Reflection        |       |       |     5 |    15 ||    20
